 Dungeon Sprint DCSS version 0.17-a0-1718-g72dbe4d (webtiles) character file.

3248 nuthulu the Geomancer (level 9, -3/68 HPs)
             Began as a Deep Dwarf Earth Elementalist on Aug 26, 2015.
             Was an Elder of Vehumet.
             Succumbed to Joseph's curare-tipped needle
             ... in the Dungeon (Sprint III: "The Ten Rune Challenge").
             The game lasted 00:10:52 (2204 turns).

nuthulu the Geomancer (DDEE)                        Turns: 2204, Time: 00:10:52

Health: -3/68      AC:  2    Str: 13    XL:     9   Next: 67%
Magic:  1/22       EV: 18    Int: 18    God:    Vehumet [****..]
Gold:   16         SH:  0    Dex: 13    Spells: 6 memorised, 6 levels left

rFire  . . .     SeeInvis .     (no weapon)
rCold  . . .     Clarity  .     b - +0 robe
rNeg   . . .     SustAt   .     (no shield)
rPois  .         Gourm    .     (no helmet)
rElec  .         Spirit   .     (no cloak)
rCorr  .         Warding  .     (no gloves)
rMut   .         NoTele   +     (no boots)
MR     +....                    (no amulet)
Stlth  +++++.....               (no ring)
                                (no ring)

@: lethally poisoned (-3 -> -29), non-regenerating, slowed, very slow, somewhat
resistant to hostile enchantments, quite stealthy
A: damage resistance, recharge devices, sense surroundings 2, slow healing 3
a: Device Recharging, Renounce Religion


You were in the Dungeon.
You worshipped Vehumet.
Vehumet was greatly pleased with you.
You were not hungry.

You visited 1 branch You collected 16 gold pieces.

Inventory:

Missiles
 a - 8 stones (quivered)
Armour
 b - a +0 robe (worn)
Magical devices
 d - a wand of heal wounds (0)
 o - a wand of fireball (10)
Scrolls
 k - a scroll of blinking
 l - 4 scrolls of remove curse
Potions
 i - a potion of mutation
 r - a potion of flight {unknown}
Books
 c - a book of Geomancy

   Spells                             Type                      Level
   a - Sandblast                      Earth                        1
   b - Stoneskin                      Transmutation/Earth          2
   c - Passwall                       Transmutation/Earth          3
   d - Stone Arrow                    Conjuration/Earth            3
   e - Petrify                        Transmutation/Earth          4
   f - Lee's Rapid Deconstruction     Earth                        5
 j - a book of the Earth

   Spells                             Type                      Level
   a - Leda's Liquefaction            Hexes/Earth                  4
   b - Bolt of Magma                  Conjuration/Fire/Earth       5
   c - Statue Form                    Transmutation/Earth          6
   d - Iron Shot                      Conjuration/Earth            6
   e - Shatter                        Earth                        9
Comestibles
 m - 3 fruits
 q - a royal jelly


   Skills:
 + Level 11.3 Dodging
 + Level 13.0 Stealth
 + Level 9.0 Spellcasting
 + Level 6.8 Conjurations
 + Level 5.8 Transmutations
 + Level 13.4 Earth Magic


You had 6 spell levels left.
You knew the following spells:

 Your Spells              Type           Power        Failure   Level  Hunger
a - Sandblast             Erth           ######       1%          1    None
b - Stoneskin             Trmt/Erth      #####...     1%          2    None
c - Stone Arrow           Conj/Erth      #####.       1%          3    None
d - Passwall              Trmt/Erth      #####.....   1%          3    None
e - Lee's Rapid Deconstr  Erth           ######....   1%          5    #####..
f - Iron Shot             Conj/Erth      #####.....   7%          6    ######.


Dungeon Overview and Level Annotations

Branches:
Dungeon (1/1)

Altars:
Cheibriados
Dithmenos
Elyvilon
Fedhas
Gozag
Kikubaaqudgha
Makhleb
Nemelex Xobeh
Okawaru
Qazlal
Ru
Sif Muna
Trog
Vehumet
Xom
Yredelemnul
Zin
The Shining One
Jiyva
Lugonu

Annotations:
D Harold, Joseph


Innate Abilities, Weirdness & Mutations

You are resistant to damage.
You can recharge devices by infusing magical energy.
You passively map the area around you.
You do not heal naturally.


Message History

Confirm with . or Enter, or press ? or * to list all spells.
Aiming: Iron Shot
Press: ? - help, Shift-Dir - straight line, f/p - Joseph
Aim: Joseph, wielding a blowgun (lightly wounded)
The iron shot hits Harold.
Harold is moderately wounded.
You feel very sick.
Joseph shoots a curare-tipped needle.
The curare-tipped needle hits you.
You are more poisoned.
You have difficulty breathing.
You feel as though you will be slow longer.
Harold hits you with a dire flail of distortion!
* * * LOW HITPOINT WARNING * * *
Space warps horribly around you!
* * * LOW HITPOINT WARNING * * *
Unknown command.
Unknown command.
Unknown command.
Unknown command.
You die...

'## , , * ..#,, ,, , , ≈ *,
..# * ,* ,, + , #'#, , **
*, * ** * **
..#+#####################**
* ..#....#.#.#.....#......+
, *
..##.#).#.##.###.#......# ,
..'##.#†#.##.#.@##......#
..#.).#..#).##.(@@......#,
≈ ▓▓▓▓▓▓▓▓▓▓▓▓▓▓▓▓#.......#
, ,
≈≈........≈≈≈...#.......# ,
≈≈≈≈≈≈≈≈≈≈≈≈♣♣P.'.......#,
, ,
♣♣♣♣♣♣♣♣♣♣♣♣♣♣PP#.(.....#
** ♣♣♣##'###### * * * ** *
... ≈ ≈ * , ≈ **≈ ≈ #...# ≈
, ≈ * ≈≈ ≈ * #...#, ≈ ,**


You could see Harold and Joseph.

Vanquished Creatures
  Erolcha (D)
  A deep elf priest (D)
  3 wandering mushrooms (D)
  A shadow (D)
  2 trapdoor spiders (D)
  A redback (D)
  2 hill giants (D)
  A spatial vortex (D)
  A necrophage (D)
  3 two-headed ogres (D)
  A water elemental (D)
  A jelly (D)
  Jessica (D)
  A wolf (D)
  A wizard (D)
  A necromancer (D)
  3 humans (D)
  A kobold demonologist (D)
  An ooze (D)
  A rat (D)
  A ballistomycete (D)
29 creatures vanquished.

Vanquished Creatures (others)
  2 draconian scorchers (D)
  2 yaktaurs (D)
  A giant spore (D)
  3 plants (D)
8 creatures vanquished.

Grand Total: 37 creatures vanquished

Notes
Turn   | Place    | Note
--------------------------------------------------------------
     0 | D        | nuthulu the Deep Dwarf Earth Elementalist began the quest for the Orb.
     0 | D        | Reached XP level 1. HP: 15/15 MP: 3/3
    33 | D        | Noticed Jessica
    35 | D        | Killed Jessica
    35 | D        | Reached skill level 5 in Earth Magic
    35 | D        | Reached XP level 2. HP: 22/22 MP: 1/6
    35 | D        | Reached XP level 3. HP: 28/28 MP: 1/7
    39 | D        | Learned a level 2 spell: Stoneskin
    43 | D        | Learned a level 3 spell: Stone Arrow
   117 | D        | Killed a yaktaur
   149 | D        | Reached skill level 6 in Earth Magic
   164 | D        | Noticed a wolf
   190 | D        | Killed a white draconian scorcher
   206 | D        | Killed a wolf
   206 | D        | Reached skill level 5 in Stealth
   206 | D        | Reached XP level 4. HP: 36/36 MP: 5/9
   211 | D        | Learned a level 3 spell: Passwall
   266 | D        | Gained mutation: You are resistant to hostile enchantments. [potion of mutation]
   266 | D        | Gained mutation: You can spit weak poison. [potion of mutation]
   266 | D        | Lost mutation: You can spit weak poison. [potion of mutation]
   267 | D        | Gained mutation: Your magical capacity is low (-10% MP). [potion of mutation]
   267 | D        | Gained mutation: Your spells are a little easier to cast, but a little less powerful. [potion of mutation]
   267 | D        | Gained mutation: You expend magic power (3 MP) to strengthen your wands. [potion of mutation]
   268 | D        | Lost mutation: Your magical capacity is low (-10% MP). [potion of cure mutation]
   268 | D        | Lost mutation: Your spells are a little easier to cast, but a little less powerful. [potion of cure mutation]
   268 | D        | Lost mutation: You are resistant to hostile enchantments. [potion of cure mutation]
   268 | D        | Lost mutation: You expend magic power (3 MP) to strengthen your wands. [potion of cure mutation]
   275 | D        | Killed a white draconian scorcher
   295 | D        | Noticed a water elemental
   298 | D        | Killed a water elemental
   298 | D        | Reached skill level 5 in Dodging
   298 | D        | Reached skill level 7 in Earth Magic
   443 | D        | Found a glowing silver altar of Zin.
   443 | D        | Found a glowing golden altar of the Shining One.
   443 | D        | Found a white marble altar of Elyvilon.
   444 | D        | Noticed a deep elf priest
   456 | D        | Killed a deep elf priest
   456 | D        | Reached skill level 9 in Stealth
   456 | D        | Reached XP level 5. HP: 42/42 MP: 0/13
   456 | D        | Reached XP level 6. HP: 49/49 MP: 0/15
   463 | D        | Learned a level 5 spell: Lee's Rapid Deconstruction
   565 | D        | Found a radiant altar of Vehumet.
   565 | D        | Found a deep blue altar of Sif Muna.
   565 | D        | Found an ancient bone altar of Kikubaaqudgha.
   565 | D        | Noticed a wizard
   566 | D        | Killed a wizard
   566 | D        | Reached skill level 10 in Earth Magic
   605 | D        | Became a worshipper of Vehumet
   618 | D        | Found a basalt altar of Yredelemnul.
   618 | D        | Found a snail-covered altar of Cheibriados.
   618 | D        | Found a blossoming altar of Fedhas.
   618 | D        | Noticed a necrophage
   618 | D        | Noticed a necromancer
   619 | D        | Killed a necromancer
   629 | D        | Killed a necrophage
   629 | D        | Reached skill level 1 in Conjurations
   726 | D        | Found an iron altar of Okawaru.
   726 | D        | Found a bloodstained altar of Trog.
   726 | D        | Noticed a human
   728 | D        | Noticed a human
   728 | D        | Killed a human
   728 | D        | Acquired Vehumet's first power
   728 | D        | Offered knowledge of Shock by Vehumet.
   728 | D        | Reached skill level 10 in Stealth
   728 | D        | Reached XP level 7. HP: 48/52 MP: 5/17
   756 | D        | Killed a human
   756 | D        | Reached skill level 11 in Earth Magic
   868 | D        | Noticed a jelly
   869 | D        | Noticed a shadow
   873 | D        | Killed a shadow
   873 | D        | Reached skill level 1 in Transmutations
   876 | D        | Killed a jelly
   966 | D        | Found a stormy altar of Qazlal.
   967 | D        | Found a sacrificial altar of Ru.
   967 | D        | Found a burning altar of Makhleb.
   967 | D        | Found a viscous altar of Jiyva.
   967 | D        | Found a shimmering altar of Xom.
   967 | D        | Found a shadowy altar of Dithmenos.
   967 | D        | Found a sparkling altar of Nemelex Xobeh.
   967 | D        | Found a corrupted altar of Lugonu.
   967 | D        | Found an opulent altar of Gozag.
   967 | D        | Noticed a spatial vortex
   971 | D        | Killed a spatial vortex
   971 | D        | Reached XP level 8. HP: 54/62 MP: 5/19
  1042 | D        | Killed a yaktaur
  1062 | D        | Learned a level 6 spell: Iron Shot
  1064 | D        | Noticed a two-headed ogre
  1064 | D        | Noticed a two-headed ogre
  1067 | D        | Killed a two-headed ogre
  1067 | D        | Offered knowledge of Magic Dart by Vehumet.
  1085 | D        | Killed a two-headed ogre
  1217 | D        | Noticed a hill giant
  1224 | D        | Killed a hill giant
  1224 | D        | Offered knowledge of Static Discharge by Vehumet.
  1311 | D        | Noticed a hill giant
  1311 | D        | Noticed Erolcha
  1496 | D        | Noticed a two-headed ogre
  1510 | D        | Killed a hill giant
  1510 | D        | Acquired Vehumet's second power
  1510 | D        | Reached skill level 10 in Dodging
  1510 | D        | Reached skill level 12 in Earth Magic
  1543 | D        | Killed a two-headed ogre
  1543 | D        | Reached skill level 5 in Conjurations
  1659 | D        | Killed Erolcha
  1659 | D        | Offered knowledge of Fulminant Prism by Vehumet.
  1659 | D        | Gained mutation: You passively map the area around you. [Deep Dwarf growth]
  1659 | D        | Reached XP level 9. HP: 68/68 MP: 8/21
  1679 | D        | Noticed a redback
  1682 | D        | Killed a redback
  1804 | D        | Noticed a trapdoor spider
  1805 | D        | Noticed a trapdoor spider
  1807 | D        | Killed a trapdoor spider
  1807 | D        | Reached skill level 5 in Transmutations
  1807 | D        | Reached skill level 13 in Earth Magic
  1811 | D        | Killed a trapdoor spider
  1811 | D        | Acquired Vehumet's third power
  1943 | D        | Noticed a wandering mushroom
  1950 | D        | Killed a wandering mushroom
  2035 | D        | Noticed a wandering mushroom
  2039 | D        | Noticed a wandering mushroom
  2042 | D        | Killed a wandering mushroom
  2046 | D        | Killed a wandering mushroom
  2171 | D        | Noticed a spiny frog
  2171 | D        | Noticed a komodo dragon
  2171 | D        | Noticed a spiny frog
  2192 | D        | Noticed Harold
  2192 | D        | Noticed Joseph
  2203 | D        | HP: 2/68 [Harold/dire flail of distortion (11)]
  2204 | D        | Succumbed to Joseph's curare-tipped needle

Vault maps used:
D:        dungeon_sprint_mu

Action                   |  1- 3 |  4- 6 |  7- 9 || total
-------------------------+-------+-------+-------++-------
Melee: Unarmed           |    11 |     3 |     6 ||    20
Throw: Stone             |     1 |       |       ||     1
 Cast: Sandblast         |    13 |     6 |    23 ||    42
       Stoneskin         |     1 |       |     4 ||     5
       Stone Arrow       |       |     9 |    42 ||    51
       Lee's Rapid Decon |       |     3 |     4 ||     7
       Iron Shot         |       |       |    10 ||    10
Evoke: Wand              |     1 |     1 |     3 ||     5
  Use: Potion            |     3 |     4 |     4 ||    11
       Scroll            |       |     3 |       ||     3
  Eat: Chunk             |       |     2 |     4 ||     6
       Royal jelly       |       |       |     1 ||     1
       Bread ration      |       |       |     1 ||     1
       Fruit             |       |       |     1 ||     1
